 Dungeon Crawl Stone Soup version 0.29.1-12-g30fa7ad0bf (webtiles) character file.

Game seed: 4613538809954207758

370 AarnesTheHuman the Chiller (level 6, -3/41 HPs)
             Began as a Barachi Ice Elementalist on Dec 15, 2022.
             Slain by an ogre
             ... wielding a +0 giant spiked club
              (19 damage)
             ... on level 4 of the Dungeon.
             The game lasted 00:06:59 (5243 turns).

AarnesTheHuman the Chiller (BaIE)                   Turns: 5243, Time: 00:06:59

Health: -3/41      AC:  9    Str: 10    XL:     6   Next: 70%
Magic:  2/13       EV: 12    Int: 17    God:
Gold:   156        SH:  0    Dex: 12    Spells: 4/14 levels left

rFire   . . .      SeeInvis .   f - +0 dagger (vorpal)
rCold   . . .      Faith    .   (no shield)
rNeg    . . .      Spirit   .   a - +0 robe
rPois   .          Reflect  .   (no helmet)
rElec   .          Harm     .   (no cloak)
rCorr   .          Rampage  .   (no gloves)
Will    .....                   (no boots)
Stlth   ++........              (no amulet)
HPRegen 0.13/turn               (no ring)
MPRegen 0.13/turn               (no ring)

@: ice-armoured, freezing walls, slow
A: amphibious, slowness 1, strong legs 1, +LOS
a: Hop


You were on level 4 of the Dungeon.
You visited 1 branch of the dungeon, and saw 4 of its levels.

You collected 156 gold pieces.

Inventory:

Hand Weapons
 c - a +0 short sword
 f - a +0 vorpal dagger (weapon)
 i - a +0 dagger
Missiles
 d - 38 stones (quivered)
 j - 3 atropa-tipped darts
Armour
 a - a +0 robe (worn)
 g - a +2 tower shield of protection
Jewellery
 p - an amulet of regeneration
Wands
 l - a wand of flame (21)
Scrolls
 h - 3 scrolls of teleportation
 o - a scroll of identify
Potions
 b - 2 potions of magic
 k - 3 potions of curing


   Skills:
 - Level 2.2 Dodging
 - Level 1.7 Stealth
 - Level 0.2 Shields
 + Level 4.9 Spellcasting
 + Level 2.5 Summonings
 - Level 7.0 Ice Magic


You had 4 spell levels left.
You knew the following spells:

 Your Spells              Type           Power      Damage    Failure   Level
a - Freeze                Ice            100%       1d11      1%          1
b - Frozen Ramparts       Ice            56%        1d9       2%          3
c - Ozocubu's Armour      Ice            28%        N/A       2%          3
d - Call Canine Familiar  Summ           13%        N/A       14%         3

Your spell library contained the following spells:

 Spells                   Type           Power      Damage    Failure   Level
 Sting                    Tmut/Pois      16%        1d3       14%         1
 Poisonous Vapours        Pois/Air       8%         N/A       22%         2
 Hailstorm                Conj/Ice       16%        3d6       34%         4
 Portal Projectile        Hex/Tloc       8%         N/A       41%         3
 Leda's Liquefaction      Hex/Erth       2%         N/A       82%         4
 Olgreb's Toxic Radiance  Pois           4%         N/A       82%         4
 Ozocubu's Refrigeration  Ice            14%        4d10      100%        7


Dungeon Overview and Level Annotations

Branches:
Dungeon (4/15)
 Temple: D:4-7

Altars:
Uskayaw

Shops:
D:2 !

Annotations:
D:1 2 transporters


Innate Abilities, Weirdness & Mutations

You are amphibious.
You cover ground slowly.
You can hop short distances.
You have an extended range of vision and can be seen from far away.


Message History

Confirm with . or Enter, or press ? or * to list all spells.
Aiming: Freeze (safe; 1% risk of failure)
Press: ? - help, Shift-Dir - straight line, f/p - orc wizard
Aim: an orc wizard, wielding a +4 dagger and wearing a +0 robe (severely wounded)
You freeze the orc wizard.
You kill the orc wizard!
You start resting.
An ogre is nearby!
Throw: 5 darts (atropa)
Press: ? - help, Shift-Dir - straight line, f - ogre
Aim: an ogre, wielding a +0 giant spiked club (72% to hit, chance to blind on hit: 41%)
You throw an atropa-tipped dart. The atropa-tipped dart hits the ogre.
The ogre resists.
Okay, then.
That's the wrong kind of item! (Use * to select it.) Fire/throw/use which item? ([*] to toss any item) (? for menu, Esc to quit)
Okay, then.
Throw: 4 darts (atropa)
Press: ? - help, Shift-Dir - straight line, f/p - ogre
Aim: an ogre, wielding a +0 giant spiked club (72% to hit, chance to blind on hit: 41%)
You throw an atropa-tipped dart.
The atropa-tipped dart barely misses the ogre.
An adder comes into view.
The frozen ramparts melt away.
The adder hisses angrily.
Casting: Freeze (safe; 1% risk of failure)
Confirm with . or Enter, or press ? or * to list all spells.
A film of ice covers your body!
The ogre hits you with a +0 giant spiked club!!
The endoplasm quivers.
Casting: Ozocubu's Armour (dangerous; 2% risk of failure)
Confirm with . or Enter, or press ? or * to list all spells.
Casting: Frozen Ramparts (dangerous; 2% risk of failure)
Press: ? - help, Dir - look around, f - activate The walls around you are covered in ice.
The wall freezes the endoplasm!
You kill the endoplasm!
The wall freezes the ogre.
The ogre hits you with a +0 giant spiked club!!
You die...

,,,,,,,,,,,...,##......#
,~**~,,,,~**§.,##....###
,****,,,,***#.,#....##
,****,,,.**##..#...##
,~**~,,,.≈##≈..#...#
,,,,,,,,.......#S.##
,,,,,,,,.......'...#######
,,,,,,,,.....(?O.........#
,,,,,,,,.o.....#@.......##
,~**~,,,.≈##§.,#......###
,****,,,,**##,,#.....##
,****,,,,****,,#.....#
,~**~,,,,~**~,,#....##
,,,,,,,,,,,,,,,#...##****
,,,,,,,,,,,,,,,#....,,,,*
***************#..###****
*,....,***


You could see an ogre and an adder.

Vanquished Creatures
  A necrophage (D:4)
  3 orc priests
  A hound (D:3)
  2 orc wizards
  5 adders
  2 worms
  4 dart slugs
  18 orcs
  6 endoplasms
  2 giant cockroaches (D:1)
  3 hobgoblins
  3 jackals (D:4)
  5 quokkas
  3 ball pythons
  2 bats
  4 frilled lizards
  4 goblins
  5 kobolds
  4 rats
77 creatures vanquished.

Notes
Turn   | Place    | Note
-------+----------+-------------------------------------------
     0 | D:1      | AarnesTheHuman the Barachi Ice Elementalist began the quest
                  | for the Orb.
     0 | D:1      | Reached XP level 1. HP: 13/13 MP: 3/3
   159 | D:1      | Reached skill level 5 in Ice Magic
   300 | D:1      | Reached XP level 2. HP: 15/19 MP: 1/5
  1172 | D:1      | Found a faded altar of an unknown god.
  1530 | D:2      | Reached XP level 3. HP: 22/24 MP: 4/7
  1765 | D:2      | Found Fysezuf's Distillery.
  2173 | D:2      | Found a hide-covered altar of Uskayaw.
  2487 | D:3      | Reached XP level 4. HP: 27/30 MP: 8/8
  2688 | D:2      | Learned a level 3 spell: Frozen Ramparts
  2692 | D:2      | Learned a level 3 spell: Ozocubu's Armour
  2699 | D:3      | Reached skill level 6 in Ice Magic
  3375 | D:3      | Reached XP level 5. HP: 33/35 MP: 7/10
  3792 | D:3      | Learned a level 3 spell: Call Canine Familiar
  4523 | D:3      | Reached skill level 1 in Summonings
  4600 | D:4      | Reached XP level 6. HP: 38/41 MP: 7/12
  5115 | D:4      | Reached skill level 7 in Ice Magic
  5243 | D:4      | Slain by an ogre

Illustrated notes

Levels and vault maps discovered:
D:1:      spicycebolla_arrival_transporter_tutorial, layout_basic,
          hellmonk_ecumenical_altar_leap_of_faith, grunt_decor_fettered,
          minmay_door_square
D:2:      layout_loops_ring, basic_altar, serial_shops,
          nicolae_shop_behind_doors
D:3:      layout_basic
D:4:      minmay_chambers_of_fours, layout_layer_cave, ebering_ghost_gozag,
          kennysheep_dice

Skill      XL: |  1  2  3  4  5  6 |
---------------+-------------------+-----
Ice Magic      | 5 6 7 |  7.0
Spellcasting   | 3 4 |  4.9
Summonings     | 1 2 |  2.5
Dodging        | |  2.2
Stealth        | |  1.7
Shields        | |  0.2

Action                   |  1- 3 |  4- 6 || total
-------------------------+-------+-------++-------
Melee: Short sword       |    40 |       ||    40
       Dagger            |    11 |    46 ||    57
Throw: Stone             |       |     4 ||     4
       Dart              |       |     2 ||     2
 Cast: Freeze            |    42 |    38 ||    80
       Frozen Ramparts   |       |    14 ||    14
       Ozocubu's Armour  |       |     5 ||     5
  Use: Scroll            |       |     7 ||     7
 Stab: Sleeping          |     3 |     3 ||     6
Armor: Robe              |    17 |    17 ||    34
Dodge: Dodged            |    54 |    44 ||    98
Block: Tower shield      |     1 |       ||     1
